 Dungeon Crawl Stone Soup version 0.30-a0-462-gd5975efbca (webtiles) character file.

Game seed: 1763317362161192993

4073 cforsyth the Grappler (level 10, -2/97 (100) HPs)
             Began as a Troll Fighter on Dec 16, 2022.
             Was a Believer of Wu Jian.
             Slain by a scorpion (4 damage)
             ... summoned by Amaemon
             ... on level 8 of the Dungeon.
             The game lasted 00:09:45 (5942 turns).

cforsyth the Grappler (Troll Fighter)               Turns: 5942, Time: 00:09:46

HP:   -2/97 (100)   AC:  8    Str: 32    XL:     10   Next: 5%
MP:   9/9           EV:  9    Int:  8    God:    Wu Jian [**....]
Gold: 210           SH:  9    Dex:  9    Spells: 9/9 levels left

rFire   . . .      SeeInvis .      - Unarmed
rCold   . . .      Faith    .    b - +0 kite shield
rNeg    . . .      Spirit   .    h - +1 robe {Will+}
rPois   .          Reflect  .    (helmet restricted)
rElec   .          Harm     .    t - +2 cloak
rCorr   .          Rampage  .    (gloves unavailable)
Will    +....                    (boots unavailable)
Stlth   +.........               (no amulet)
HPRegen 1.16/turn                e - +6 ring of strength
MPRegen 0.11/turn                (no ring)

@: lethally poisoned (-2 -> -42), slowed, lightly drained, very slow
A: large, unfitting armour, claws 3, regeneration 1, shaggy fur 1, tough skin 1
a: Renounce Religion, Wall Jump


You were on level 8 of the Dungeon.
You worshipped Wu Jian.
Wu Jian was pleased with you.
You visited 2 branches of the dungeon, and saw 9 of its levels.

You collected 298 gold pieces.
You spent 88 gold pieces at shops.

Inventory:

Armour
 b - a +0 kite shield (worn)
 h - a +1 robe of willpower (worn)
 t - a +2 cloak (worn)
Jewellery
 e - a +6 ring of strength (left claw)
Wands
 x - a wand of flame (29)
 B - a wand of digging (8)
Scrolls
 a - a scroll of poison {unknown}
 d - 2 scrolls of vulnerability
 i - a scroll of brand weapon {unknown}
 n - a scroll of immolation {unknown}
 o - a scroll of magic mapping {unknown}
 s - a scroll of enchant weapon {unknown}
 u - a scroll of summoning {unknown}
 v - a scroll of blinking {unknown}
 y - a scroll of amnesia {unknown}
 A - a scroll of teleportation {unknown}
Potions
 c - 3 potions of might
 f - 6 potions of heal wounds
 g - 2 potions of mutation
 k - a potion of attraction
 l - 7 potions of curing
 m - 2 potions of haste
 p - a potion of brilliance {unknown}
 q - a potion of magic {unknown}
 r - 3 potions of degeneration
 w - a potion of berserk rage {unknown}
 C - 2 potions of flight


   Skills:
 + Level 6.5 Fighting
 - Level 4.0 Dodging
 + Level 7.2 Shields
 * Level 9.8 Unarmed Combat


You had 9 spell levels left.
You didn't know any spells.
Your spell library contained the following spells:

 Spells                   Type           Power      Damage    Failure   Level
 Necrotise                Necr           0%         1d4       65%         1
 Vampiric Draining        Necr           0%         2d6       95%         3
 Agony                    Necr           0%         N/A       100%        5


Dungeon Overview and Level Annotations

Branches:
Dungeon (8/15)             Temple (1/1) D:4
   Lair: D:8-11

Altars:
Ashenzari
Hepliaklqana
Kikubaaqudgha
Okawaru
Qazlal
Sif Muna
Uskayaw
Wu Jian
Xom
Zin

Shops:
D:4 !

Annotations:
D:3 2 transporters, tinescath's ghost, weakling MiTm
D:8 Amaemon


Innate Abilities, Weirdness & Mutations

You are too large for most types of armour.
You have claws for hands.
Your natural rate of healing is unusually fast.
You are covered in fur. (AC +1)
You have tough skin. (AC +1)


Message History

The scorpion poisons you!
Amaemon hits you with a +0 demon whip of venom.
You are lethally poisoned!
You block Amaemon's attack.
Amaemon tail-slaps you but does no damage.
The kobold barely misses you.
An orc comes into view. It is wielding a +0 mace.
The kobold hits you but does no damage. The kobold barely misses you.
The scorpion stings you.
You closely miss Amaemon.
Amaemon is almost dead.
* * * LOW HITPOINT WARNING * * *
You feel extremely sick.
The orc shouts!
The scorpion misses you. The scorpion stings you.
* * * LOW HITPOINT WARNING * * *
The scorpion stings you.
* * * LOW HITPOINT WARNING * * *
You are more poisoned.
You have difficulty breathing.
* * * LOW HITPOINT WARNING * * *
You feel yourself slow down. The kobold closely misses you.
You block the kobold's attack. x2
Amaemon mumbles some strange words.
Unknown command.
You feel much better.
* * * LOW HITPOINT WARNING * * *
You feel extremely sick. You block the scorpion's attack.
The scorpion barely misses you. You block the scorpion's attack.
Amaemon hits you with a +0 demon whip of venom!
* * * LOW HITPOINT WARNING * * *
You are more poisoned.
Amaemon claws you.
* * * LOW HITPOINT WARNING * * *
Amaemon tail-slaps you but does no damage.
You block the kobold's attack. The kobold barely misses you.
The kobold closely misses you. The scorpion barely misses you.
The scorpion stings you.
You die...

#.. #.#.## #.#...
#.#..### #.#....#+###
###.##.#......
#....s.#......
#.#<.Kss......
#...sK@Ks.....
#...#6s#.#+###
#####...#KK..#.#######
#.......#..o.#.#.....=.
#.....................#
+......####...........#
#....#.##....##.......#
#.........##.##.......##
#.......................


You could see Amaemon, 6 scorpions, an orc and 5 kobolds.

Vanquished Creatures
  Grinder (D:3)
  9 yaks
  Eustachio (D:4)
  A steam dragon (D:7)
  Edmund (D:6)
  A water moccasin (D:5)
  2 black bears (D:5)
  3 ice beasts
  A sky beast (D:7)
  2 ogres (D:5)
  A phantom (D:7)
  A centaur (D:6)
  5 bullfrogs
  A scorpion (D:5)
  4 wights (D:7)
  A howler monkey (D:5)
  A gnoll bouda (D:7)
  4 hounds
  3 orc priests
  4 iguanas
  2 orc wizards (D:7)
  6 gnolls
  5 adders
  4 white imps
  A dart slug (D:2)
  17 orcs
  6 bats
  8 endoplasms
  2 giant cockroaches (D:1)
  5 goblins
  7 hobgoblins
  3 quokkas
  8 ball pythons
  12 frilled lizards
  7 kobolds
  4 rats
144 creatures vanquished.

Vanquished Creatures (others)
  5 fungi (D:7)
  10 plants (D:4)
15 creatures vanquished.

Grand Total: 159 creatures vanquished

Notes
Turn   | Place    | Note
-------+----------+-------------------------------------------
     0 | D:1      | cforsyth the Troll Fighter began the quest for the Orb.
     0 | D:1      | Reached XP level 1. HP: 22/22 MP: 0/0
   166 | D:1      | Reached XP level 2. HP: 29/29 MP: 1/1
   444 | D:1      | Reached XP level 3. HP: 30/36 MP: 2/2
   841 | D:2      | Found a faded altar of an unknown god.
  1233 | D:3      | Found a hide-covered altar of Uskayaw.
  1261 | D:3      | Reached XP level 4. HP: 44/44 MP: 3/3
  1274 | D:3      | Found a transporter.
  1368 | D:3      | Noticed tinescath's ghost (weakling MiTm)
  1374 | D:3      | Noticed Grinder
  1387 | D:3      | Killed Grinder
  1388 | D:3      | Reached skill level 3 in Unarmed Combat
  1388 | D:3      | Reached XP level 5. HP: 53/53 MP: 4/4
  1388 | D:3      | Reached XP level 6. HP: 61/61 MP: 5/5
  1390 | D:3      | Found a transporter.
  1852 | D:4      | Found Adefameb's Distillery.
  1859 | D:4      | Bought a potion of curing for 33 gold pieces
  1859 | D:4      | Bought a potion of heal wounds for 55 gold pieces
  1961 | D:4      | Found a broken altar of Ashenzari.
  1979 | D:4      | Found a staircase to the Ecumenical Temple.
  1981 | D:4      | Noticed Eustachio
  1998 | D:4      | Killed Eustachio
  1999 | D:4      | Reached skill level 4 in Unarmed Combat
  1999 | D:4      | Reached XP level 7. HP: 57/68 MP: 6/6
  2067 | Temple   | Entered the Ecumenical Temple
  2076 | Temple   | Became a worshipper of the Wu Jian Council
  2892 | D:5      | Entered Level 5 of the Dungeon
  2947 | D:5      | Reached skill level 5 in Unarmed Combat
  2972 | D:5      | Reached skill level 5 in Shields
  3118 | D:5      | Reached XP level 8. HP: 79/79 MP: 7/7
  3129 | D:5      | Reached * piety under Wu Jian
  3240 | D:5      | Reached skill level 6 in Unarmed Combat
  3285 | D:5      | Found a glowing silver altar of Zin.
  3651 | D:6      | Found a shimmering altar of Xom.
  3674 | D:6      | Noticed Edmund
  3686 | D:6      | Killed Edmund
  3687 | D:6      | Reached skill level 5 in Fighting
  3772 | D:6      | Reached skill level 7 in Unarmed Combat
  3783 | D:6      | Reached XP level 9. HP: 58/88 MP: 8/8
  3794 | D:6      | Reached skill level 8 in Unarmed Combat
  4485 | D:7      | Found an iron altar of Okawaru.
  4629 | D:7      | Reached skill level 9 in Unarmed Combat
  4851 | D:7      | Reached ** piety under Wu Jian
  4911 | D:7      | Found a stormy altar of Qazlal.
  5191 | D:7      | Reached XP level 10. HP: 93/93 MP: 9/9
  5434 | D:7      | Identified the +12 spear of Fragile Peace {venom, Stlth+}
  5689 | D:8      | Noticed Amaemon
  5692 | D:8      | Noticed an orange demon
  5942 | D:8      | HP: 2/97 [Amaemon/+0 demon whip of venom (3)]
  5942 | D:8      | Slain by a scorpion

Illustrated notes

Levels and vault maps discovered:
D:1:      dpeg_arrival_tiny_h, layout_basic
D:2:      layout_rooms, basic_ecumenical_altar
D:3:      layout_basic, mainiacjoe_overflow_paths, gammafunk_ghost_stat_death,
          uniq_grinder
D:4:      layout_loops_ring, ashenzari_altar_1, minmay_temple_entry_tees,
          serial_shops, nicolae_shop_temple_entry_statues_fountains,
          serial_bayou, serial_bayou_shore_b, serial_bayou_pond_b,
          serial_bayou_lagoon_a, serial_bayou_crossing, grunt_ministairs_13,
          minmay_lizard_king, uniq_eustachio
D:5:      layout_loops_cross, mainiacjoe_overflow_alcove_4
D:6:      layout_loops_ring, general_overflow_altar, uniq_edmund
D:7:      layout_gridville, mainiacjoe_overflow_chevrons, lemuel_tele_altar
D:8:      layout_basic, kennysheep_mini, uniq_amaemon
Temple:   nicolae_temple_bog_church

Skill      XL: |  1  2  3  4  5  6  7  8  9 |
---------------+----------------------------+-----
Shields        | 3 4 5 6 7 |  7.2
Fighting       | 3 4 5 6 |  6.5
Dodging        | 3 4 |  4.0
Unarmed Combat | 3 4 5 7 9 |  9.8

Action                   |  1- 3 |  4- 6 |  7- 9 | 10-12 || total
-------------------------+-------+-------+-------+-------++-------
Melee: Unarmed           |   105 |    60 |   283 |    29 ||   477
Invok: Lunge             |       |       |    20 |     2 ||    22
       Whirlwind         |       |       |    26 |     3 ||    29
  Use: Scroll            |       |       |       |     7 ||     7
       Potion            |       |       |       |     1 ||     1
 Stab: Sleeping          |     1 |       |       |       ||     1
Armor: Robe              |    35 |    34 |    80 |    19 ||   168
Dodge: Dodged            |    37 |    31 |    78 |    34 ||   180
Block: Kite shield       |    38 |    23 |   120 |    32 ||   213

Table legend: (Time is in decaauts)
 A = Elapsed time spent in this place.
 B = Non-inter-level travel time spent in this place.
 C = Inter-level travel time spent in this place.
 D = Time resting spent in this place.
 E = Time spent auto-exploring this place.
 F = Levels seen in this place.
 G = Mean time per level.
                   A        B        C        D        E       F      G
               +--------+--------+--------+--------+--------+-----+--------+
         Total |   5954 |   5664 |    290 |    274 |   4099 |   9 |  661.6 |
       Dungeon |   5938 |   5655 |    283 |    274 |   4098 |   8 |  742.2 |
        Temple |     15 |      9 |      6 |      0 |      1 |   1 |   15.0 |
               +--------+--------+--------+--------+--------+-----+--------+

Top non-repeatable levels by time:
     D:7: 1335 daAuts
     D:4: 1035 daAuts
     D:6: 996 daAuts
     D:1: 755 daAuts
     D:3: 628 daAuts
     D:5: 626 daAuts
     D:2: 472 daAuts
     D:8: 88 daAuts
  Temple: 15 daAuts
